 Dungeon Crawl Stone Soup version 0.28.0-47-ge53b351184 (webtiles) character file.

Game seed: 9287767772596145946

1799 Eitelfritz the Covert (level 9, -4/52 HPs)
             Began as a Kobold Brigand on Apr 27, 2022.
             Was a Follower of Dithmenos.
             Slain by a two-headed ogre
             ... wielding a +0 giant spiked club
              (25 damage)
             ... on level 6 of the Dungeon.
             The game lasted 00:16:51 (7269 turns).

Eitelfritz the Covert (Kobold Brigand)              Turns: 7269, Time: 00:16:52

Health: -4/52      AC:  8    Str:  9    XL:     9   Next: 30%
Magic:  12/13      EV: 17    Int: 12    God:    Dithmenos [*.....]
Gold:   254        SH:  0    Dex: 20    Spells: 11/14 levels left

rFire   . . .      SeeInvis .   a - +3 dagger
rCold   . . .      Faith    .   (no shield)
rNeg    . . .      Spirit   .   r - +0 robe
rPois   .          Reflect  .   (no helmet)
rElec   .          Harm     .   c - +1 cloak
rCorr   +          Rampage  .   (no gloves)
Will    .....                   (no boots)
Stlth   ++++++++..              (no amulet)
HPRegen 0.17/turn               j - ring of resist corrosion
MPRegen 0.13/turn               m - +4 ring of protection

@: wreathed by umbra
A: small, no large weapons, nightstalker 3
a: Renounce Religion


You were on level 6 of the Dungeon.
You worshipped Dithmenos.
Dithmenos was aware of your devotion.
You visited 1 branch of the dungeon, and saw 6 of its levels.

You collected 254 gold pieces.

Inventory:

Hand Weapons
 a - a +3 dagger (weapon)
 b - a +0 rapier
Missiles
 d - 8 poisoned darts (quivered)
 i - 6 boomerangs
Armour
 c - a +1 cloak (worn)
 r - a +0 robe (worn)
Jewellery
 j - a ring of resist corrosion (left hand)
 m - a +4 ring of protection (right hand)
 o - a ring of wizardry
Wands
 g - a wand of iceblast (6)
 p - a wand of flame (46)
Scrolls
 h - a scroll of teleportation
 k - a scroll of enchant weapon
 l - a scroll of magic mapping
 s - a scroll of amnesia
Potions
 f - a potion of brilliance
 n - a potion of flight {unknown}
 q - 2 potions of haste
 t - a potion of degeneration {unknown}


   Skills:
 + Level 4.7 Fighting
 + Level 7.3 Short Blades
 + Level 2.3 Throwing
 + Level 4.4 Dodging
 + Level 11.5 Stealth
 + Level 3.1 Spellcasting
 + Level 2.1 Hexes
 + Level 1.0 Summonings
 + Level 1.1 Ice Magic


You had 11 spell levels left.
You knew the following spells:

 Your Spells              Type           Power      Damage    Failure   Level
a - Ensorcelled Hibernat  Hex/Ice        10%        N/A       19%         2
b - Summon Small Mammal   Summ           16%        N/A       16%         1

Your spell library contained the following spells:

 Spells                   Type           Power      Damage    Failure   Level
 Animate Skeleton         Necr           2%         N/A       24%         1
 Apportation              Tloc           2%         N/A       24%         1
 Passwall                 Tmut/Erth      0%         N/A       36%         2
 Ignite Poison            Fire/Tmut/Pois 1%         N/A       58%         3
 Mephitic Cloud           Conj/Pois/Air  1%         N/A       58%         3
 Swiftness                Air            1%         N/A       58%         3
 Freezing Cloud           Conj/Ice/Air   1%         6-21      99%         5


Dungeon Overview and Level Annotations

Branches:
Dungeon (6/15)             Temple (0/1) D:4

Altars:
Dithmenos
Elyvilon
Qazlal
Yredelemnul


Innate Abilities, Weirdness & Mutations

You are small and have problems with some larger weapons.
You are completely attuned to the shadows.


Message History

You feel sick.
You feel sick.
You feel sick.
A two-headed ogre is nearby!
You feel sick.
Throw: 2 darts (curare)
Press: ? - help, Q - select action, (/) - cycle Shift-Dir - straight line, f - two-headed ogre
Aim: a two-headed ogre, wielding a +0 giant spiked club and a +0 giant club (wandering, hasn't noticed you, 78% to hit)
You throw a curare-tipped dart.
The curare-tipped dart barely misses the two-headed ogre.
The two-headed ogre shouts in stereo!
Throw: dart (curare)
Press: ? - help, Q - select action, (/) - cycle Shift-Dir - straight line, f/p - two-headed ogre
Aim: a two-headed ogre, wielding a +0 giant spiked club and a +0 giant club (78% to hit)
You throw a curare-tipped dart.
The curare-tipped dart hits the two-headed ogre.
The two-headed ogre is poisoned.
The two-headed ogre convulses.
The two-headed ogre seems to slow down.
The two-headed ogre is lightly wounded.
You feel sick.
You are no longer poisoned.
Casting: Summon Small Mammal (safe; 16% risk of failure)
Confirm with . or Enter, or press ? or * to list all spells.
Your rat bites the two-headed ogre but does no damage.
Casting: Summon Small Mammal (safe; 16% risk of failure)
Confirm with . or Enter, or press ? or * to list all spells.
Your rat barely misses the two-headed ogre.
Your bat hits the two-headed ogre but does no damage.
Your bat hits the two-headed ogre but does no damage.
The two-headed ogre is no longer moving slowly.
Your bat hits the two-headed ogre.
Your rat bites the two-headed ogre but does no damage.
Your bat hits the two-headed ogre.
The two-headed ogre looks more healthy.
Your bat hits the two-headed ogre.
You completely miss the two-headed ogre.
The two-headed ogre is moderately wounded.
Your rat barely misses the two-headed ogre.
The two-headed ogre hits you with a +0 giant spiked club!
The two-headed ogre hits you with a +0 giant club!!
You die...

...#
###.<........#...⌠..
####
#............#......
#............#......
#...g........#......
....##........#.......
...#
##.......#.......# ###
###.......#.......#
#.........#.OS....
#...bO@.#.#.#...#
#...r..<..####.##
#.........# #.#.#
###.....######.####
##....#.#...#...#
###......#..#.#.†#
##.##.....####.####
#............((#
#.............##


You could see a two-headed ogre (ally target), a friendly bat (summoned) and a
friendly rat (summoned).

Vanquished Creatures
  Sigmund (D:5)
  An ice beast (D:6)
  A sky beast (D:6)
  An ogre (D:4)
  2 centaurs (D:6)
  2 phantoms (D:5)
  3 scorpions
  A bullfrog (D:4)
  A water moccasin zombie (D:5)
  A howler monkey (D:5)
  A bullfrog zombie (D:6)
  2 centaur zombies
  3 hounds
  A bullfrog skeleton (D:4)
  A centaur skeleton (D:5)
  2 gnoll shamans (D:3)
  5 iguanas (D:5)
  A hound skeleton (D:4)
  11 gnolls
  A howler monkey skeleton (D:5)
  4 adders
  A shadow imp (D:4)
  A white imp (D:5)
  2 ufetubi
  2 worms (D:3)
  A dart slug (D:3)
  5 orcs
  5 bats
  7 endoplasms
  6 giant cockroaches
  13 hobgoblins
  9 kobolds
  5 quokkas
  6 ball pythons
  2 frilled lizards
  7 goblins
  9 rats
127 creatures vanquished.

Vanquished Creatures (collateral kills)
  A gnoll (D:6)
1 creature vanquished.

Grand Total: 128 creatures vanquished

Notes
Turn   | Place    | Note
-------+----------+-------------------------------------------
     0 | D:1      | Eitelfritz the Kobold Brigand began the quest for the Orb.
     0 | D:1      | Reached XP level 1. HP: 12/12 MP: 1/1
   381 | D:1      | Reached XP level 2. HP: 17/17 MP: 2/2
   464 | D:1      | Reached skill level 6 in Stealth
   913 | D:1      | Reached XP level 3. HP: 21/21 MP: 3/3
  1835 | D:2      | Reached XP level 4. HP: 26/26 MP: 4/4
  1897 | D:2      | Reached skill level 7 in Stealth
  2414 | D:2      | Learned a level 2 spell: Ensorcelled Hibernation
  2799 | D:3      | Found a white marble altar of Elyvilon.
  2841 | D:3      | Found a shadowy altar of Dithmenos.
  2845 | D:3      | Found a basalt altar of Yredelemnul.
  2852 | D:3      | Became a worshipper of Dithmenos the Shadowed
  3572 | D:4      | Reached XP level 5. HP: 21/31 MP: 5/5
  3700 | D:4      | Noticed an ogre
  3704 | D:4      | Killed an ogre
  3705 | D:4      | Reached skill level 8 in Stealth
  3705 | D:4      | Reached skill level 1 in Spellcasting
  3705 | D:4      | Reached skill level 1 in Hexes
  3705 | D:4      | Reached XP level 6. HP: 36/36 MP: 5/7
  3844 | D:4      | Found a staircase to the Ecumenical Temple.
  4298 | D:4      | Reached XP level 7. HP: 22/41 MP: 9/9
  4782 | D:3      | Reached skill level 5 in Short Blades
  5447 | D:5      | Entered Level 5 of the Dungeon
  5461 | D:5      | Reached * piety under Dithmenos
  5591 | D:5      | Reached XP level 8. HP: 46/46 MP: 11/11
  5632 | D:5      | Reached skill level 9 in Stealth
  5678 | D:5      | Reached skill level 1 in Ice Magic
  6245 | D:5      | Noticed Sigmund
  6247 | D:5      | Killed Sigmund
  6248 | D:5      | Reached skill level 10 in Stealth
  6474 | D:5      | Learned a level 1 spell: Summon Small Mammal
  6512 | D:6      | Noticed a two-headed ogre
  6723 | D:6      | Reached XP level 9. HP: 52/52 MP: 13/13
  6765 | D:6      | Found a stormy altar of Qazlal.
  6826 | D:6      | Reached skill level 11 in Stealth
  7201 | D:6      | Reached skill level 1 in Summonings
  7269 | D:6      | Slain by a two-headed ogre

Illustrated notes

Levels and vault maps discovered:
D:1:      psy_arrival_dodecagon, layout_basic
D:2:      layout_basic
D:3:      layout_basic, mainiacjoe_overflow_large_starburst,
          nicolae_elyvilon_peaceful_grove
D:4:      layout_rooms, minmay_temple_entry_drinking_statues
D:5:      layout_basic, minmay_misc_feat_doors, dk_noncrumbling_2, uniq_sigmund
D:6:      minmay_klotski, layout_cave_pools, nicolae_qazlal_style_of_elements,
          wad_rectangle_vault

Skill      XL: |  1  2  3  4  5  6  7  8  9 |
---------------+----------------------------+-----
Stealth        | 6 7 8 10 11 | 11.5
Short Blades   | 3 4 5 7 |  7.3
Spellcasting   | 1 2 3 |  3.1
Hexes          | 1 2 |  2.1
Dodging        | 2 3 4 |  4.4
Fighting       | 3 4 |  4.7
Ice Magic      | 1 |  1.1
Summonings     | 1 |  1.0
Throwing       | |  2.3

Action                   |  1- 3 |  4- 6 |  7- 9 || total
-------------------------+-------+-------+-------++-------
Melee: Dagger            |    81 |   180 |   336 ||   597
       Punch             |     1 |       |     5 ||     6
Throw: Dart              |       |       |     6 ||     6
 Cast: Ensorcelled Hiber |       |       |     2 ||     2
       Summon Small Mamm |       |       |    10 ||    10
  Use: Scroll            |       |     7 |     4 ||    11
       Potion            |       |     1 |       ||     1
 Stab: Sleeping          |    19 |    27 |    20 ||    66
       Distracted        |       |       |     1 ||     1
Armor: Robe              |    10 |    31 |    72 ||   113
       Skin              |       |     8 |       ||     8
Dodge: Dodged            |    49 |    71 |   215 ||   335
